 Dungeon Crawl Stone Soup version 0.31-a0-221-gbddc013574 (webtiles) character file.

Game seed: 13481925889022367447

41 senseless the Insei (level 3, -1/27 HPs)
             Began as a Demonspawn Transmuter on July 4, 2023.
             Slain by a gnoll
             ... wielding a +0 flail
              (4 damage)
             ... on level 1 of the Dungeon.
             The game lasted 00:04:38 (888 turns).

senseless the Insei (Demonspawn Transmuter)          Turns: 888, Time: 00:04:38

Health: -1/27      AC:  2    Str: 10    XL:     3   Next: 32%
Magic:  6/6        EV: 17    Int: 14    God:
Gold:   21         SH:  0    Dex: 15    Spells: 3/6 levels left

rFire   . . .        e - +2 dagger (pain)
rCold   . . .        (no shield)
rNeg    . . .        a - +1 robe
rPois   .            (helmet currently unavailable)
rElec   .            (no cloak)
rCorr   .            (no gloves)
SInv    .            (boots currently unavailable)
Will    .....        (no amulet)
Stlth   +            h - +5 ring of evasion
HPRegen 0.24/turn    (no ring)
MPRegen 0.10/turn

%: no passive effects
@: appendages (expiring)
A: horns 2, talons 2, demonic guardian 1, deformed body, evolution 1
a: End Transformation


You were on level 1 of the Dungeon.
You had temporarily grown beastly horns and talons.
You visited 1 branch of the dungeon, and saw 2 of its levels.

You collected 68 gold pieces.
You spent 47 gold pieces at shops.

Inventory:

Hand Weapons
 e - a +2 dagger of pain (weapon)
Armour
 a - a +1 robe (worn)
Jewellery
 h - a +5 ring of evasion (left hand)
Potions
 b - a potion of lignification
 j - a potion of enlightenment
 n - a potion of haste


   Skills:
 + Level 1.6 Fighting
 + Level 2.1 Dodging
 + Level 3.0 Unarmed Combat
 + Level 2.3 Spellcasting
 + Level 2.1 Transmutations


You had 3 spell levels left.
You knew the following spells:

 Your Spells              Type           Power      Damage    Failure   Level
a - Beastly Appendage     Tmut           14%        N/A       10%         1
b - Wereblood             Tmut           7%         N/A       14%         2

Your spell library contained the following spells:

 Spells                   Type           Power      Damage    Failure   Level
 Spider Form              Tmut/Pois      4%         N/A       41%         3
 Ice Form                 Ice/Tmut       4%         N/A       82%         4


Dungeon Overview and Level Annotations

Branches:
Dungeon (2/15)

Altars:

Shops:
D:1 *


Innate Abilities, Weirdness & Mutations

You have temporarily grown beastly horns and talons.
A weak demonic guardian rushes to your aid.
Armour fits poorly on your strangely shaped body.
You have hidden genetic potential.


Message History

The ball python hisses angrily.
You hit the gnoll but do no damage.
The gnoll is moderately wounded.
The hobgoblin barely misses you. The gnoll closely misses you.
You hit the gnoll. You claw the gnoll. You headbutt the gnoll.
You kill the gnoll!
The hobgoblin hits you but does no damage.
Your Unarmed Combat skill increases to level 3!
You hit the hobgoblin.
The hobgoblin is moderately wounded.
Your transformation is almost over.
The hobgoblin barely misses you.
You hit the hobgoblin. Your kick misses the hobgoblin.
Your headbutt misses the hobgoblin.
The hobgoblin is severely wounded.
The ball python barely misses you. The ball python grabs you.
The ball python constricts you. The gnoll barely misses you.
The hobgoblin completely misses you. The ball python misses you.
The ball python constricts you.
You escape the ball python's grasp.
The hobgoblin attacks as you move away! The hobgoblin hits you.
There is a stone staircase leading up here.
The hobgoblin hits you.
The gnoll hits you from afar with a +1 halberd of pain!
The gnoll hits you with a +0 flail!
* * * LOW HITPOINT WARNING * * *
A demonic guardian appears!
You climb upwards.
There is a stone staircase leading down here.
You hit the hobgoblin.
You kill the hobgoblin!
The gnoll misses you.
You closely miss the gnoll. The gnoll misses you.
You hit the gnoll. You claw the gnoll.
The gnoll is lightly wounded.
The gnoll completely misses you.
You hit the gnoll. You claw the gnoll. You punch the gnoll, but do no damage.
The gnoll is severely wounded.
The gnoll hits you with a +0 flail.
You die...

#.......##...###.
########................
########......∩.#######.
########......)## #.
#############.## #.
############..# #.
########.....## #.
#######†g##############.
#######@................
###########.####......##
###########.####......##
###########'####......##
########..............##
########................
########........###+#.##
########........# #.#.##
#........# #.#.##


You could see a gnoll.

Vanquished Creatures
  A gnoll (D:2)
  3 ball pythons (D:1)
  2 bats (D:1)
  An endoplasm (D:1)
  A giant cockroach (D:1)
  6 hobgoblins (D:1)
  2 jackals (D:1)
  5 kobolds (D:1)
  3 goblins
  4 rats (D:1)
28 creatures vanquished.

Notes
Turn   | Place    | Note
-------+----------+-------------------------------------------
     0 | D:1      | senseless the Demonspawn Transmuter began the quest for the
                  | Orb.
     0 | D:1      | Reached XP level 1. HP: 15/15 MP: 3/3
   149 | D:1      | Gained mutation: A weak demonic guardian rushes to your
                  | aid. [demonic ancestry]
   149 | D:1      | Reached XP level 2. HP: 21/21 MP: 3/5
   214 | D:1      | Learned a level 2 spell: Wereblood
   265 | D:1      | Found Hufips's Assorted Antiques.
   676 | D:1      | Reached XP level 3. HP: 26/26 MP: 4/6
   852 | D:1      | Bought a scroll labelled GINUTZUFFA for 25 gold pieces
   852 | D:1      | Bought a brown potion for 22 gold pieces
   869 | D:1      | Gained mutation: Armour fits poorly on your strangely
                  | shaped body. [potion of mutation]
   869 | D:1      | Gained mutation: Your spells are a little harder to cast,
                  | but a little more powerful. [potion of mutation]
   869 | D:1      | Lost mutation: Your spells are a little harder to cast, but
                  | a little more powerful. [potion of mutation]
   869 | D:1      | Gained mutation: You have hidden genetic potential. [potion
                  | of mutation]
   880 | D:2      | Reached skill level 3 in Unarmed Combat
   883 | D:2      | HP: 1/27 [gnoll/+0 flail (10)]
   888 | D:1      | Slain by a gnoll

Illustrated notes

Levels and vault maps discovered:
D:1:      spicycebolla_arrival_clurvy, layout_basic, serial_shops, shop,
          minmay_tetromino_s2
D:2:      wad_crossroads, layout_basic, uniq_terence, uniq_crazy_yiuf_cottage

Skill      XL: |  1  2  3 |
---------------+----------+-----
Dodging        | 2 |  2.1
Transmutations | 2 |  2.1
Unarmed Combat | 3 |  3.0
Fighting       | |  1.6
Spellcasting   | |  2.3

Action                     || total
---------------------------++-------
  Melee: Unarmed           ||    11
         Dagger            ||    61
         Kick              ||    10
         Headbutt          ||     5
         Punch             ||     1
   Cast: Beastly Appendage ||    14
    Use: Scroll            ||     9
         Potion            ||     1
   Stab: Sleeping          ||     1
 Armour: Robe              ||     4
  Dodge: Dodged            ||    65

Table legend: (Time is in decaauts)
 A = Elapsed time spent in this place.
 B = Non-inter-level travel time spent in this place.
 C = Inter-level travel time spent in this place.
 D = Time resting spent in this place.
 E = Time spent auto-exploring this place.
 F = Levels seen in this place.
 G = Mean time per level.
                   A        B        C        D        E       F      G
               +--------+--------+--------+--------+--------+-----+--------+
         Total |    886 |    858 |     28 |     18 |    643 |   2 |  443.0 |
       Dungeon |    886 |    858 |     28 |     18 |    643 |   2 |  443.0 |
               +--------+--------+--------+--------+--------+-----+--------+

Top non-repeatable levels by time:
     D:1: 873 daAuts
     D:2: 12 daAuts
